 Dungeon Crawl Stone Soup version 0.20-a0-871-g785f14b (webtiles) character file.

429 JeffiDaFish the Digger (level 6, 0/31 HPs)
             Began as a Gargoyle Earth Elementalist on Mar 14, 2017.
             Killed from afar by a white imp (3 damage)
             ... with a puff of frost
             ... summoned by Eustachio
             ... on level 4 of the Dungeon.
             The game lasted 00:11:02 (2854 turns).

JeffiDaFish the Digger (GrEE)                       Turns: 2854, Time: 00:11:05

Health: 0/31       AC:  9    Str: 13    XL:     6   Next: 98%
Magic:  1/10       EV:  9    Int: 16    God:
Gold:   89         SH:  0    Dex: 12    Spells: 7/11 levels left

rFire    . . .     SeeInvis .   g - +1 hand axe
rCold    . . .     Gourm    .   h - +0 leather armour
rNeg     + . .     Faith    .   (no shield)
rPois    ∞         Spirit   .   k - +0 helmet
rElec    +         Reflect  .   (no cloak)
rCorr    .         Harm     .   (no gloves)
MR       .....                  m - +0 pair of boots
Stlth    ++........             (no amulet)
Regen    0.1/turn               (no ring)
MPRegen  0.2/turn               c - -3 ring of evasion (curse)

@: no status effects
A: frail 1, negative energy resistance 1, electricity resistance, strong 1,
unbreathing, petrification resistance, rot immunity, AC +4
a: no special abilities


You were on level 4 of the Dungeon.
You were not hungry.

You visited 1 branch of the dungeon, and saw 5 of its levels.

You collected 89 gold pieces.

Inventory:

Hand Weapons
 g - a +1 hand axe (weapon)
Missiles
 b - 29 stones (quivered)
Armour
 h - a +0 leather armour (worn)
 k - a +0 helmet (worn)
 m - a +0 pair of boots (worn)
Jewellery
 c - a cursed -3 ring of evasion (left hand)
Scrolls
 a - 2 scrolls of remove curse
 f - 2 scrolls of identify
 l - a scroll of fog {unknown}
Potions
 i - 2 potions of curing
 o - a potion of agility {unknown}
Books
 e - a book of Geomancy

   Spells                             Type                      Level
   a - Sandblast                      Earth                        1
   b - Passwall                       Transmutation/Earth          2
   c - Stone Arrow                    Conjuration/Earth            3
   d - Petrify                        Transmutation/Earth          4
   e - Lee's Rapid Deconstruction     Earth                        5
Comestibles
 d - 3 bread rations
 j - a royal jelly
 n - a fruit


   Skills:
 + Level 1.8 Fighting
 + Level 2.7 Axes
 + Level 2.1 Armour
 + Level 2.1 Dodging
 + Level 3.3 Stealth
 + Level 3.2 Spellcasting
 + Level 0.7 Conjurations
   Level 0.7 Transmutations
 + Level 5.3 Earth Magic


You had 7 spell levels left.
You knew the following spells:

 Your Spells              Type           Power        Failure   Level  Hunger
a - Sandblast             Erth           ###...       2%          1    None
b - Stone Arrow           Conj/Erth      ##....       24%         3    ###....


Dungeon Overview and Level Annotations

Branches:
Dungeon (5/15)
 Temple: D:4-7

Altars:
Ashenzari

Annotations:
D:4 Eustachio


Innate Abilities, Weirdness & Mutations

You are resistant to torment.
Your stone body is resilient. (AC +4)
You are immune to poison.
You resist negative energy. (rN+)
You are resistant to electric shocks. (rElec)
You can survive without breathing.
You are immune to petrification.
You are immune to rotting.
You are frail. (-10% HP)
Your muscles are strong. (Str +2)


Message History

Eustachio is almost dead.
You barely miss the white imp. You closely miss the shadow imp.
You barely miss the shadow imp.
The shadow imp hits you but does no damage. x2
The white imp gestures at you. The puff of frost hits you!
Eustachio gestures wildly while chanting.
Your leather armour prevents you from hitting Eustachio.
Eustachio is almost dead.
You hit the river rat. You hit the white imp.
You hit the shadow imp but do no damage.
You hit the shadow imp. The white imp closely misses you.
The shadow imp barely misses you. The shadow imp hits you.
* * * LOW HITPOINT WARNING * * *
Eustachio gestures wildly while chanting.
Eustachio blinks!
The river rat bites you but does no damage.
The white imp gestures at you. The puff of frost hits you!
You die...

#.....### ##'##
#.###.# ##...##
#.###.# ##.....##
#.#.#.# ##.......##
#...>.# #.........#
#.......+.........+
##...####.....@...#
#..## ##..5.r=.##
#.# ##b5@r.## #.
##5§.## #. #...# #.
#..... #.......
#......)..
##.......##
##.....##


You could see Eustachio, 2 river rats, a white imp, 2 shadow imps and a bat.

Vanquished Creatures
  The ghost of chris0x the Vandal, an amateur NaHu (D:3)
  A scorpion (D:4)
  2 orc priests
  Natasha (thrice) (D:2)
  Robin (D:2)
  2 adders
  2 worms (D:2)
  A leopard gecko (D:1)
  6 orcs
  A ball python (D:4)
  2 giant cockroaches
  18 goblins
  9 hobgoblins
  3 kobolds
  A quokka (D:2)
  9 bats
  2 frilled lizards
  4 rats
68 creatures vanquished.

Notes
Turn   | Place    | Note
-------+----------+-------------------------------------------
     0 | D:1      | JeffiDaFish the Gargoyle Earth Elementalist began the quest for the Orb.
     0 | D:1      | Reached XP level 1. HP: 10/10 MP: 3/3
   320 | D:1      | Reached skill level 4 in Earth Magic
   326 | D:1      | Reached XP level 2. HP: 4/15 MP: 0/5
   398 | D:1      | Gained mutation: You are frail. (-10% HP) [potion of mutation]
   398 | D:1      | Gained mutation: Your muscles are strong. (Str +2) [potion of mutation]
  1052 | D:2      | Reached XP level 3. HP: 8/17 MP: 3/6
  1189 | D:2      | Found a shattered altar of Ashenzari.
  1266 | D:2      | Noticed Natasha
  1292 | D:2      | Killed Natasha
  1292 | D:2      | Reached skill level 1 in Armour
  1292 | D:2      | Reached XP level 4. HP: 3/21 MP: 7/7
  1412 | D:2      | Noticed Natasha
  1419 | D:2      | Killed Natasha
  1419 | D:2      | Reached skill level 1 in Fighting
  1476 | D:2      | Noticed Robin
  1480 | D:2      | Learned a level 3 spell: Stone Arrow
  1482 | D:2      | Killed Robin
  1490 | D:2      | Reached XP level 5. HP: 15/26 MP: 1/8
  1569 | D:2      | Found a faded altar of an unknown god.
  1575 | D:2      | Noticed Natasha
  1586 | D:2      | Killed Natasha
  1586 | D:2      | Reached skill level 1 in Axes
  1855 | D:2      | Reached skill level 5 in Earth Magic
  1996 | D:3      | Noticed chris0x's ghost (amateur NaHu)
  2030 | D:3      | Killed chris0x's ghost
  2030 | D:3      | Reached XP level 6. HP: 15/31 MP: 0/10
  2314 | D:3      | You fall through a shaft for 2 floors!
  2314 | D:5      | Entered Level 5 of the Dungeon
  2838 | D:4      | Noticed Eustachio
  2854 | D:4      | Killed from afar by a white imp

Vault maps used:
D:1:      dpeg_arrival_tiny_h, minmay_pentomino_z2
D:2:      ashenzari_conservatory_becter, first_bread,
          chequers_ecumenical_altar_island, grunt_ministairs_14, uniq_natasha,
          uniq_robin
D:3:      minitemple, marbit_many_paths, uniq_iyjb, uniq_terence
D:4:      gammafunk_temple_overflow_wave, minmay_temple_entry_fiery,
          uniq_edmund, uniq_eustachio, uniq_duvessa, uniq_blork_the_orc
D:5:      old_standard_altar, kiku_gazebo_garden_becter

Skill      XL: |  1  2  3  4  5  6 |
---------------+-------------------+-----
Earth Magic    | 4 5 |  5.3
Armour         | 1 2 |  2.1
Fighting       | 1 |  1.8
Stealth        | 3 |  3.3
Axes           | 2 |  2.7
Dodging        | 2 |  2.1
Spellcasting   | 3 |  3.2
Conjurations   | |  0.7
Transmutations | |  0.7

Action                   |  1- 3 |  4- 6 || total
-------------------------+-------+-------++-------
Melee: Hand axe          |   104 |    97 ||   201
       Dagger            |     7 |       ||     7
 Cast: Sandblast         |    18 |    17 ||    35
       Stone Arrow       |       |    15 ||    15
  Use: Potion            |     4 |     3 ||     7
       Scroll            |     3 |       ||     3
 Stab: Sleeping          |     2 |     2 ||     4
  Eat: Chunk             |     2 |     7 ||     9
Armor: Robe              |    19 |       ||    19
       Leather armour    |    38 |    49 ||    87
Dodge: Dodged            |   121 |    58 ||   179
